Map: Ulrena

Players

MorN - Winner!

  • Race: Terran Terran
  • League: Master

OneOverZero

  • Race: Terran Terran

VOD

Have the link to the VOD?

Description

Time

  • Played on: Nov. 18, 2015, 6:36 p.m.
  • Length: 5:25
Show
View Real Time Build Order
Export as new Build Order

MorN Terran - Winner!

Build Orders:  

Get SALT Encoding   

  12  0:00  SCV  
  13  0:13  SCV  
  14  0:17  Supply Depot  
  14  0:25  SCV  
  15  0:29  Refinery  
  15  0:40  Barracks  
  15  0:45  SCV  
  16  0:53  Refinery  
  16  0:57  SCV  
  17  1:09  SCV  
  18  1:21  SCV  
  19  1:28  Reaper  
  20  1:33  Factory  
  20  1:45  Orbital Command  
  20  1:56  Supply Depot  
  20  2:00  Reaper  
  21  2:12  SCV  
  22  2:21  Hellion  
  24  2:34  Reaper  
  25  2:38  SCV  
  25  2:42  Hellion  
  28  2:58  Starport  
  28  2:59  SCV  
  28  3:03  Hellion  
  31  3:23  Supply Depot  
  31  3:24  Reaper  
  31  3:25  Hellion  
  35  3:30  Armory  
  34  3:35  Medivac  
  34  3:38  SCV  
  37  3:46  Hellion  
  37  3:51  SCV  
  38  3:58  Supply Depot  
  38  4:03  SCV  
  38  4:08  Barracks Reactor  
  39  4:13  Medivac  
  39  4:15  SCV, Hellion  
  39  4:16  Bunker  
  40  4:50  Command Center  
  40  4:52  Barracks Tech Lab  
  40  4:53  SCV  
  40  4:56  Hellion  
Show
View Real Time Build Order
Export as new Build Order

OneOverZero Terran 

Build Orders:  

Get SALT Encoding   

  12  0:01  SCV  
  13  0:13  SCV  
  14  0:17  Supply Depot  
  14  0:25  SCV  
  15  0:42  Barracks  
  15  0:43  SCV  
  15  0:47  Refinery  
  16  0:55  SCV  
  17  1:05  Barracks  
  17  1:07  SCV  
  18  1:19  SCV  
  19  1:30  Supply Depot  
  20  1:35  Orbital Command  
  20  1:46  Barracks Reactor  
  19  1:56  Barracks Tech Lab  
  19  2:01  SCV  
  20  2:16  Combat Shields  
  20  2:20  Marine  
  20  2:22  Marine x2  
  21  2:38  Marine  
  21  2:39  Marine x2  
  24  2:57  Marine x2, Marauder  
  27  3:02  SCV  
  28  3:06  Supply Depot  
  28  3:15  Marine x2  
  28  3:18  Marauder  
  30  3:21  SCV  
  31  3:29  Supply Depot  
  31  3:33  SCV, Marine x2  
  34  3:39  Marauder  
  36  3:45  SCV  
  37  3:51  Marine x2  
  39  3:55  Factory  
  39  4:01  Marauder  
  41  4:08  SCV, Marine  
  43  4:12  Engineering Bay  
  43  4:15  Concussive Shells  
  42  4:21  Marine  
  42  4:22  Marauder  
  42  4:23  SCV  
  46  4:26  Marine  
  46  4:28  Supply Depot  
  34  4:42  Marine  
  34  4:44  Marine, Marauder  
  34  4:46  Factory Tech Lab  
  34  4:47  SCV  
  34  4:49  Refinery  
  36  5:00  SCV, Marine  
  36  5:02  Supply Depot  
Tags
 
League
Master
Matchup
TvT
Race
Terran
Replay Pack
MorN pack 2
Add a new tag
Caveats
  • Supply blocks, unpowered buildings, or Contaminate may cause inaccurate times.
  • Supply counts are checked every 10 seconds.